 Dungeon Crawl Stone Soup version 0.18.1-48-g4cf74bf (webtiles) character file.

4859 Iskender the Summoner (level 10, 19/56 HPs)
             Began as an Octopode Summoner on Aug 30, 2016.
             Was a Follower of Ashenzari.
             Quit the game on level 10 of the Dungeon.
             The game lasted 01:09:00 (8487 turns).

Iskender the Summoner (Octopode Summoner)           Turns: 8487, Time: 01:09:01

Health: 19/56      AC:  4    Str:  8    XL:     10   Next: 50%
Magic:  16/20      EV: 12    Int: 20    God:    Ashenzari [*.....]
Gold:   347        SH:  4    Dex: 13    Spells: 6 memorised, 4 levels left

rFire  . . .     SeeInvis +     a - +10 rapier of Cick {pierce, Fragile +Blink rN+++ SInv} (curse)
rCold  . . .     Gourm    .     (no shield)
rNeg   + + +     Faith    .     (helmet restricted)
rPois  .         Spirit   .     c - +4 amulet of reflection (curse)
rElec  .         Dismiss  .     w - ring of wizardry (curse)
rCorr  .         Reflect  +     d - +3 ring of protection
SustAt .         Harm     .     g - ring of wizardry
MR     .....                    (no ring)
Stlth  +++++.....               (no ring)
                                (no ring)
                                (no ring)
                                (no ring)

@: not resistant to hostile enchantments, quite stealthy
A: almost no armour, amphibious, 8 rings, constrict 8, camouflage 1, gelatinous
body 1
a: Curse Item, Scrying, Renounce Religion, Evoke Blink


You were on level 10 of the Dungeon.
You worshipped Ashenzari.
Ashenzari was aware of your devotion.
You were not hungry.

You visited 2 branches of the dungeon, and saw 11 of its levels.

You collected 347 gold pieces.

Inventory:

Hand Weapons
 a - the cursed +10 rapier of Cick (weapon) {pierce, Fragile +Blink rN+++ SInv}
   (You found it on level 5 of the Dungeon)

   It inflicts extra damage upon your enemies.
   It renders you almost immune to negative energy.
   It lets you see invisible.
   It lets you blink.
   It will be destroyed if unequipped.
   It has a curse placed upon it.
Missiles
 e - 267 stones (quivered)
 t - 7 tomahawks
Jewellery
 c - a cursed +4 amulet of reflection (around mantle)
 d - a +3 ring of protection (right tentacle)
 g - a ring of wizardry (on tentacle)
 w - a cursed ring of wizardry (left tentacle)
Wands
 B - a wand of digging (8/24)
 F - a wand of flame (18/48)
 K - a wand of teleportation (7/9)
Scrolls
 h - 3 scrolls of magic mapping
 m - a scroll of summoning {unknown}
 p - a scroll of recharging
 u - a scroll of blinking {unknown}
 x - a scroll of enchant armour
 E - 2 scrolls of immolation
 G - a scroll of fear {unknown}
 I - a scroll of fog
 M - a scroll of teleportation
Potions
 j - a potion of magic
 k - a potion of resistance {unknown}
 l - 4 potions of curing
 n - a potion of berserk rage {unknown}
 q - a potion of might
 r - a potion of flight
 z - 2 potions of cure mutation
 A - a potion of lignification {unknown}
 D - a potion of agility
 H - a potion of brilliance
 J - a potion of mutation {unknown}
Books
 f - a book of Callings

   Spells                             Type                      Level
   a - Summon Small Mammal            Summoning                    1
   b - Call Imp                       Summoning                    2
   c - Call Canine Familiar           Summoning                    3
   d - Summon Guardian Golem          Hexes/Summoning              3
   e - Summon Lightning Spire         Summoning/Air                4
   f - Summon Ice Beast               Ice/Summoning                4
 v - a book of Enchantments

   Spells                             Type                      Level
   a - Cause Fear                     Hexes                        4
   b - Yara's Violent Unravelling     Hexes/Transmutation          5
   c - Silence                        Hexes/Air                    5
   d - Deflect Missiles               Charms/Air                   6
   e - Haste                          Charms                       6
   f - Discord                        Hexes                        8
 y - a book of Alchemy

   Spells                             Type                      Level
   a - Sublimation of Blood           Necromancy                   2
   b - Ignite Poison                  Fire/Transmutation/Poison    3
   c - Petrify                        Transmutation/Earth          4
   d - Alistair's Intoxication        Transmutation/Poison         5
   e - Irradiate                      Conjuration/Transmutation    5
Miscellaneous
 o - a stone of tremors
Comestibles
 b - 6 bread rations
 i - 2 chunks of flesh
 C - 3 meat rations


   Skills:
 - Level 6.5 Short Blades
 - Level 2.0 Dodging
 - Level 7.0 Stealth
 - Level 7.0 Spellcasting
 + Level 5.6 Charms
 - Level 9.7 Summonings


You had 4 spell levels left.
You knew the following spells:

 Your Spells              Type           Power        Failure   Level  Hunger
i - Call Canine Familiar  Summ           #####...     1%          3    #......
z - Sublimation of Blood  Necr           #.........   4%          2    None
H - Haste                 Chrm           ####....     63%         6    ######.
U - Summon Guardian Gole  Hex/Summ       ####....     1%          3    #......
X - Summon Lightning Spi  Summ/Air       ####....     4%          4    ###....
Z - Summon Small Mammal   Summ           ####         1%          1    None


Dungeon Overview and Level Annotations

Branches:
Dungeon (10/15)            Temple (1/1) D:7            Lair (0/8) D:9
    Orc: D:9-12

Altars:
Ashenzari
Cheibriados
Dithmenos
Elyvilon
Fedhas
Gozag
Kikubaaqudgha
Makhleb
Nemelex Xobeh
Okawaru
Pakellas
Qazlal
Ru
Sif Muna
Trog
Vehumet
Xom
Yredelemnul
Zin
The Shining One

Shops:
D:10 (

Annotations:
D:4 Blork the orc; GFox's ghost, amateur MiMo


Innate Abilities, Weirdness & Mutations

You cannot wear most types of armour.
You are amphibious.
You can wear up to eight rings at the same time.
You can use your tentacles to constrict eight enemies at once.
Your skin changes colour to match your surroundings (Stealth).
Your rubbery body absorbs attacks (AC +1).


Message History

An electric hum fills the air.
The orc throws a tomahawk of returning.
The tomahawk of returning hits you.
The weapon returns to the orc!
Your wolf bites the orc.
There are no items here.
Your wolf bites the orc.
The orc dies!
Your wolf bites the orc.
The orc throws a tomahawk of returning.
The tomahawk of returning closely misses you.
The weapon returns to the orc!
Your lightning spire shoots out a bolt of lightning at the orc!
The bolt of electricity hits the orc.
The orc dies!
An orc warrior comes into view. It is wielding a dire flail.
Your wolf bites the orc.
The orc dies!
Your wolf barely misses the orc warrior.
Your lightning spire shoots out a bolt of lightning at the orc warrior!
The bolt of electricity hits the orc warrior.
An orc knight comes into view. It is wielding a battleaxe.
Are you sure you want to abandon this character and quit the game? (Confirm with "yes".)

#..## ###...
#..#####.....
###....#.....#
####.......!..###.#
###.........8.......8
##..............()...o
#................)...8
#.......#.........o..#
#.....####[@...[ho...#
####..## #......)....#
#....## #.........#.#
###..# #...........#
#..# #........... #..#
#..)........ #†.###
#.......###. #..#.#
#.......# #..#.#
#......#


You could see an orc knight, an orc warrior, a friendly wolf and a friendly
lightning spire.

Vanquished Creatures
  Pikel (D:5)
  Grum (D:9)
  Duvessa (D:6)
  An ice beast (D:9)
  2 orc warriors
  A phantom (D:9)
  2 ogres
  2 wolves (D:9)
  A centaur (D:9)
  5 giant frogs
  5 orc priests
  Dowan (D:6)
  4 scorpions
  6 killer bees
  2 crimson imps
  4 howler monkeys (D:8)
  3 jellies
  3 hounds
  A giant frog skeleton (D:5)
  9 orc wizards
  4 worker ants
  A hound skeleton (D:9)
  3 gnolls (D:3)
  3 adders
  A shadow imp (D:8)
  2 oozes
  An adder skeleton (D:9)
  A worm (D:4)
  2 dart slugs
  5 giant geckos
  28 orcs
  A ball python (D:1)
  4 giant cockroaches
  12 goblins
  8 hobgoblins
  2 jackals (D:7)
  6 kobolds
  A quokka (D:3)
  9 bats
  A giant gecko skeleton (D:6)
  3 giant newts
  7 rats
160 creatures vanquished.

Vanquished Creatures (collateral kills)
  An ugly thing (D:8)
  A two-headed ogre (D:5)
  6 yaks (D:10)
  A hippogriff (D:9)
  A hungry ghost (D:8)
  An orc warrior (D:8)
  A black bear (D:10)
  An ice beast (D:9)
  4 ogres
  A centaur (D:8)
  A giant frog (D:6)
  A scorpion (D:6)
  12 killer bees
  A crimson imp (D:10)
  A hound (D:9)
  2 orc wizards
  3 worker ants
  A hound zombie (D:5)
  Robin (D:3)
  4 gnolls (D:3)
  2 adders (D:3)
  An ooze (D:1)
  2 worms
  2 giant geckos
  13 orcs
  2 giant cockroaches
  3 goblins (D:3)
  4 hobgoblins
  A giant newt (D:3)
  4 kobolds
  A rat (D:3)
80 creatures vanquished.

Vanquished Creatures (others)
  A slave (D:5)
  A giant cockroach (D:5)
2 creatures vanquished.

Grand Total: 242 creatures vanquished

Notes
Turn   | Place    | Note
--------------------------------------------------------------
     0 | D:1      | Iskender the Octopode Summoner began the quest for the Orb.
     0 | D:1      | Reached XP level 1. HP: 11/11 MP: 3/3
   206 | D:1      | Reached XP level 2. HP: 3/17 MP: 1/5
   212 | D:1      | Learned a level 2 spell: Call Imp
   328 | D:1      | Found a shattered altar of Ashenzari.
   629 | D:1      | Reached XP level 3. HP: 21/21 MP: 6/6
   754 | D:1      | Reached skill level 5 in Summonings
   834 | D:1      | Learned a level 3 spell: Call Canine Familiar
  1380 | D:3      | Reached XP level 4. HP: 27/27 MP: 3/7
  1699 | D:3      | Reached skill level 6 in Summonings
  1729 | D:3      | Reached XP level 5. HP: 28/31 MP: 1/8
  1872 | D:3      | Noticed Robin
  1916 | D:3      | Killed Robin
  2058 | D:3      | Found a radiant altar of Vehumet.
  2058 | D:3      | Found a basalt altar of Yredelemnul.
  2631 | D:4      | Noticed an ogre
  2671 | D:4      | Killed an ogre
  2671 | D:4      | Reached XP level 6. HP: 19/36 MP: 4/10
  2864 | D:4      | Noticed GFox's ghost (amateur MiMo)
  2910 | D:4      | Reached skill level 7 in Summonings
  3398 | D:4      | Noticed Blork the orc
  3568 | D:5      | Entered Level 5 of the Dungeon
  3589 | D:5      | Noticed a slave
  3604 | D:5      | Reached XP level 7. HP: 38/41 MP: 9/12
  3624 | D:5      | Noticed Pikel
  3784 | D:5      | Learned a level 2 spell: Sublimation of Blood
  3789 | D:5      | Learned a level 4 spell: Summon Lightning Spire
  3876 | D:5      | Killed Pikel
  3876 | D:5      | Reached skill level 8 in Summonings
  4116 | D:5      | Got an encrusted rapier
  4119 | D:5      | Identified the +10 rapier of Cick {pierce, Fragile +Blink rN+++ SInv} (You found it on level 5 of the Dungeon)
  4336 | D:5      | Noticed a two-headed ogre
  4367 | D:5      | Reached XP level 8. HP: 27/46 MP: 12/14
  4384 | D:5      | Killed a two-headed ogre
  4425 | D:5      | Reached skill level 9 in Summonings
  4541 | D:6      | Reached skill level 5 in Spellcasting
  4550 | D:6      | Noticed Dowan
  4559 | D:6      | Noticed Duvessa
  4752 | D:6      | Killed Duvessa
  4761 | D:6      | Killed Dowan
  4854 | D:6      | Reached skill level 5 in Stealth
  5075 | D:6      | You fall through a shaft for 2 floors!
  5650 | D:7      | Found a staircase to the Ecumenical Temple.
  5662 | Temple   | Entered the Ecumenical Temple
  5788 | Temple   | Became a worshipper of Ashenzari the Shackled
  5876 | D:7      | Reached XP level 9. HP: 51/51 MP: 16/16
  5941 | D:7      | Reached skill level 1 in Short Blades
  6616 | D:8      | Noticed a brown ugly thing
  6626 | D:8      | Killed a brown ugly thing
  6626 | D:8      | Reached skill level 5 in Short Blades
  6752 | D:8      | HP: 2/51 [orc wizard/magic dart (8)]
  7323 | D:8      | Learned a level 3 spell: Summon Guardian Golem
  7513 | D:9      | Learned a level 6 spell: Haste
  7543 | D:9      | Found a staircase to the Lair.
  7590 | D:9      | Reached skill level 1 in Charms
  7590 | D:9      | Reached XP level 10. HP: 34/56 MP: 19/19
  7622 | D:9      | Reached * piety under Ashenzari
  7971 | D:9      | Noticed Grum
  7979 | D:9      | Killed Grum
  8114 | D:10     | Entered Level 10 of the Dungeon
  8328 | D:10     | Found Gazxics's Antique Weapon Shop.
  8412 | D:10     | Reached skill level 5 in Charms
  8487 | D:10     | Noticed an orc knight
  8487 | D:10     | Quit the game

Skill      XL: |  1  2  3  4  5  6  7  8  9 10 |
---------------+-------------------------------+-----
Summonings     | 5 6 7 8 9 |  9.7
Spellcasting   | 3 4 5 6 7 |  7.0
Stealth        | 7 |  7.0
Short Blades   | 6 |  6.5
Charms         | 1 5 |  5.6
Dodging        | |  2.0

Action                   |  1- 3 |  4- 6 |  7- 9 | 10-12 || total
-------------------------+-------+-------+-------+-------++-------
Melee: Unarmed           |    20 |       |       |       ||    20
       Constrict         |    20 |    27 |    27 |     6 ||    80
       Tentacles         |    15 |    27 |    10 |     5 ||    57
       Short sword       |    35 |       |       |       ||    35
       Spear             |    38 |   116 |    34 |       ||   188
       Quarterstaff      |       |    38 |       |       ||    38
       Rapier            |       |       |   141 |    51 ||   192
Throw: Stone             |     1 |     3 |     9 |       ||    13
 Cast: Summon Small Mamm |     3 |       |     2 |     5 ||    10
       Call Imp          |     2 |     1 |       |       ||     3
       Call Canine Famil |     3 |    15 |    27 |    13 ||    58
       Summon Lightning  |       |       |     8 |     3 ||    11
       Summon Guardian G |       |       |     2 |     2 ||     4
Invok: Curse Item        |       |       |     1 |     2 ||     3
Evoke: Wand              |       |     1 |     7 |     3 ||    11
  Use: Scroll            |     1 |     8 |     6 |       ||    15
       Potion            |       |       |     7 |       ||     7
 Stab: Sleeping          |    14 |     8 |    12 |     4 ||    38
       Distracted        |     1 |     3 |     3 |       ||     7
       Paralysed         |       |       |     3 |       ||     3
  Eat: Chunk             |     2 |     7 |    15 |     2 ||    26
       Fruit             |       |     2 |     1 |       ||     3
       Pizza             |       |       |       |     1 ||     1
Armor: Skin              |     8 |    19 |    21 |     7 ||    55
Dodge: Dodged            |    38 |    44 |    68 |    31 ||   181
Block: Other             |    10 |    24 |    13 |    10 ||    57
       Reflection        |       |     1 |     1 |     2 ||     4
